 Dungeon Crawl Stone Soup version 0.26.0-8-g74fc34ddfb (webtiles) character file.

Game seed: 13275596050675191316

2206336 EnegeticOcto the Conqueror (level 27, 129/323 HPs)
             Began as an Ogre Gladiator on Jan 12, 2021.
             Was a High Priest of Hepliaklqana.
             Escaped with the Orb
             ... and 4 runes!
             The game lasted 02:23:19 (74108 turns).

EnegeticOcto the Conqueror (Ogre Gladiator)        Turns: 74108, Time: 02:23:20

Health: 129/323    AC: 38    Str: 25    XL:     27
Magic:  17/32      EV: 12    Int: 12    God:    Hepliaklqana [*****.]
Gold:   7298       SH: 23    Dex: 18    Spells: 25/30 levels left

rFire    + . .     SeeInvis +   m - +8 demon trident "Rift" {distort, reach+}
rCold    + + .     Faith    .   F - +2 tower shield {AC+3}
rNeg     . . .     Spirit   +   d - +6 gold dragon scales
rPois    +         Reflect  .   t - +2 hat {SInv}
rElec    +         Harm     .   D - +2 cloak of the Thief {*Fog Slay-2 SInv Stlth+}
rCorr    .         Rampage  .   (gloves unavailable)
Will     ++++.                  (boots unavailable)
Stlth    ..........             Y - amulet of Ymilof {Spirit rF+}
HPRegen  0.63/turn              e - ring "Huez" {Ice +Fly Will++ Int-3}
MPRegen  0.23/turn              N - ring of Wipy {+Inv rElec Str-4 Int+6 SInv}

@: studying Shields
A: large, unfitting armour, reduced essence, poison resistance, robust 1, strong
1, tough skin 1
0: Orb of Zot
}: 4/15 runes: decaying, serpentine, slimy, silver
a: Renounce Religion, Evoke Invisibility, Evoke Flight, Recall Ancestor,
Ancestor Identity, Transference, Idealise


You escaped.
You worshipped Hepliaklqana.
Hepliaklqana was extremely pleased with you.
You visited 9 branches of the dungeon, and saw 51 of its levels.
You also visited: Trove and Bailey.

You collected 9581 gold pieces.
You spent 2283 gold pieces at shops.

Inventory:

Hand Weapons
 m - the +8 demon trident "Rift" (weapon) {distort, reach+}
   (You found it on level 7 of the Dungeon)

   It warps and distorts space around it.
   Unwielding it can cause banishment or high damage.
Missiles
 Q - 11 throwing nets (quivered) {!f}
 V - 11 curare-tipped darts
Armour
 d - +6 gold dragon scales (worn)
   (You found it on level 4 of the Vaults)
 t - a +2 hat of see invisible (worn)
   (You bought it in a shop on level 1 of the Depths)
 D - the +2 cloak of the Thief (worn) {*Fog Slay-2 SInv Stlth+}
   (You bought it in a shop on level 15 of the Dungeon)

   It affects your accuracy and damage with ranged weapons and melee attacks
   (-2).
   It lets you see invisible.
   It makes you more stealthy.
 F - a +2 tower shield of protection (worn)
   (You took it off Mennas on level 5 of the Depths)
Jewellery
 a - an uncursed ring of willpower
   (You bought it in a shop on level 6 of the Dungeon)
 e - the ring "Huez" (left hand) {Ice +Fly Will++ Int-3}
   (You found it in a treasure trove)

   [ring of ice]

   It enhances your ice magic.
   It affects your intelligence (-3).
   It makes you vulnerable to fire.
   It protects you from cold.
   It affects your willpower, your defense against some magical effects.
   It lets you fly.
 j - a ring of the Octopus King {rCorr AC+1 EV+1 Str+1 Int+1 Dex+1}
   (You found it on level 1 of the Vaults)

   [ring of resist corrosion]

   It affects your AC (+1).
   It affects your evasion (+1).
   It affects your strength (+1).
   It affects your intelligence (+1).
   It affects your dexterity (+1).
   It provides partial protection from all sources of acid and corrosion.
 y - an uncursed ring of protection from cold
   (You found it on level 1 of the Swamp)
 N - the ring of Wipy (right hand) {+Inv rElec Str-4 Int+6 SInv}
   (You found it in a treasure trove)

   [ring of see invisible]

   It affects your strength (-4).
   It affects your intelligence (+6).
   It insulates you from electricity.
   It lets you see invisible.
   It lets you turn invisible.
 S - an uncursed ring of protection from fire
   (You found it on level 3 of the Lair of Beasts)
 Y - the amulet of Ymilof (around neck) {Spirit rF+}
   (You found it in a bailey)

   [amulet of guardian spirit]

   It causes incoming damage to be split between your health and magic.
   It protects you from fire.
Wands
 b - a wand of polymorph (29)
   (You found it on level 6 of the Lair of Beasts)
 o - a wand of disintegration (20)
   (You found it on level 3 of the Vaults)
 u - a wand of enslavement (33)
   (You found it on level 3 of the Dungeon)
 B - a wand of digging (24) {@v3}
   (You found it on level 4 of the Dungeon)
 J - a wand of iceblast (41) {@v2}
   (You found it on level 2 of the Lair of Beasts)
 M - a wand of paralysis (54)
   (You bought it in a shop on level 6 of the Dungeon)
 U - a wand of flame (77) {@v4}
   (You found it on level 12 of the Dungeon)
 W - a wand of acid (32) {@v1}
   (You found it on level 12 of the Dungeon)
Scrolls
 g - 13 scrolls of identify {@r1}
 i - 4 scrolls of immolation
 p - 28 scrolls of remove curse {@r2}
 r - 2 scrolls of fog {!r}
 s - 5 scrolls of vulnerability
 w - 8 scrolls of fear {!r}
 A - 4 scrolls of magic mapping {@r5 !r}
 E - 11 scrolls of teleportation {@r3 !r}
 X - 2 scrolls of summoning
Potions
 f - 7 potions of ambrosia
 h - 10 potions of curing {@q1 !q}
 l - 8 potions of heal wounds {@q2 !q}
 n - 13 potions of might {@q3 !q}
 q - a potion of mutation
 v - a potion of cancellation
 z - 9 potions of attraction
 C - 6 potions of haste {@q4 !q}
 H - 7 potions of berserk rage
 I - a potion of resistance
 K - 2 potions of invisibility
 P - 11 potions of lignification {@q6}
 R - 9 potions of flight
 T - 2 potions of magic
Books
 O - a manual of Shields
   (You found it on level 2 of the Depths)
Miscellaneous
 c - a box of beasts
   (You found it on level 2 of the Depths)
 k - a phial of floods
   (You found it on level 1 of the Realm of Zot)
 G - a phantom mirror (inert)
   (You found it on level 10 of the Dungeon)
 L - a condenser vane
   (You found it on level 2 of the Lair of Beasts)
 Z - a tin of tremorstones (2/2)
   (You found it in a treasure trove)


   Skills:
 O Level 27 Fighting
 - Level 13.7(14.0) Polearms
 - Level 4.0(10.0) Staves
 - Level 2.0 Throwing
 + Level 18.9 Armour
 - Level 15.5 Dodging
 - Level 3.0 Stealth
 - Level 15.0 Shields
 - Level 2.0 Spellcasting
 - Level 6.0 Translocations
 - Level 13.0 Invocations
 - Level 15.0 Evocations


You had 25 spell levels left.
You knew the following spells:

 Your Spells              Type           Power        Failure   Level
a - Apportation           Tloc           30%          36%         1
b - Animate Skeleton      Necr           2%           99%         1
c - Summon Small Mammal   Summ           4%           99%         1
Y - Blink                 Tloc           N/A          52%         2

Your spell library contained the following spells:

 Spells                   Type           Power        Failure   Level
 Gell's Gravitas          Tloc           7%           75%         3
 Lesser Beckoning         Tloc           7%           75%         3
 Teleport Other           Tloc           15%          75%         3
 Passage of Golubria      Tloc           N/A          98%         4
 Corona                   Hex            1%           99%         1
 Foxfire                  Conj/Fire      4%           99%         1
 Freeze                   Ice            4%           99%         1
 Magic Dart               Conj           4%           99%         1
 Pain                     Necr           4%           99%         1
 Sandblast                Erth           2%           99%         1
 Portal Projectile        Hex/Tloc       16%          99%         3
 Call Imp                 Summ           1%           100%        2
 Corpse Rot               Necr/Air       N/A          100%        2
 Ensorcelled Hibernation  Hex/Ice        2%           100%        2
 Poisonous Vapours        Pois/Air       2%           100%        2
 Searing Ray              Conj           2%           100%        2
 Slow                     Hex            1%           100%        2
 Sublimation of Blood     Necr           0%           100%        2
 Call Canine Familiar     Summ           1%           100%        3
 Confusing Touch          Hex            1%           100%        3
 Conjure Flame            Conj/Fire      1%           100%        3
 Dazzling Flash           Conj/Hex       2%           100%        3
 Frozen Ramparts          Ice            2%           100%        3
 Ignite Poison            Fire/Tmut/Pois 1%           100%        3
 Inner Flame              Hex/Fire       1%           100%        3
 Mephitic Cloud           Conj/Pois/Air  1%           100%        3
 Ozocubu's Armour         Ice            1%           100%        3
 Stone Arrow              Conj/Erth      2%           100%        3
 Summon Guardian Golem    Hex/Summ       1%           100%        3
 Vampiric Draining        Necr           0%           100%        3
 Animate Dead             Necr           0%           100%        4
 Cause Fear               Hex            0%           100%        4
 Dispel Undead            Necr           1%           100%        4
 Fulminant Prism          Conj/Hex       0%           100%        4
 Hailstorm                Conj/Ice       1%           100%        4
 Iskenderun's Mystic Bla  Conj/Tloc      8%           100%        4
 Leda's Liquefaction      Hex/Erth       0%           100%        4
 Olgreb's Toxic Radiance  Pois           1%           100%        4
 Petrify                  Tmut/Erth      1%           100%        4
 Sticky Flame             Conj/Fire      1%           100%        4
 Summon Ice Beast         Ice/Summ       1%           100%        4
 Summon Lightning Spire   Summ/Air       1%           100%        4
 Agony                    Necr           1%           100%        5
 Alistair's Intoxication  Tmut/Pois      0%           100%        5
 Borgnjor's Vile Clutch   Necr/Erth      0%           100%        5
 Excruciating Wounds      Necr           0%           100%        5
 Fireball                 Conj/Fire      0%           100%        5
 Metabolic Englaciation   Hex/Ice        0%           100%        5
 Silence                  Hex/Air        0%           100%        5
 Summon Demon             Summ           0%           100%        5
 Summon Forest            Summ/Tloc      4%           100%        5
 Summon Mana Viper        Hex/Summ       1%           100%        5
 Yara's Violent Unravell  Hex/Tmut       0%           100%        5
 Iron Shot                Conj/Erth      0%           100%        6
 Ozocubu's Refrigeration  Ice            0%           100%        6
 Shadow Creatures         Summ           N/A          100%        6
 Simulacrum               Ice/Necr       0%           100%        6
 Statue Form              Tmut/Erth      0%           100%        6
 Malign Gateway           Summ/Tloc      4%           100%        7
 Summon Hydra             Summ           0%           100%        7


Dungeon Overview and Level Annotations

Branches:
Dungeon (15/15)            Temple (0/1) D:4            Lair (6/6) D:10
  Swamp (4/4) Lair:4        Snake (4/4) Lair:4        Slime (5/5) Lair:5
    Orc (2/2) D:12            Elf (0/3) Orc:2        Vaults (5/5) D:14
  Crypt (0/3) Vaults:3     Depths (5/5) D:15            Zot (5/5) Depths:5
 Bailey (visited)

Altars:
Ashenzari
Dithmenos
Fedhas
Hepliaklqana
Kikubaaqudgha
Okawaru
Sif Muna
Vehumet
Wu Jian
Xom
Zin

Shops:
D:5 :   D:6 =}*   D:11 !!(*}   D:12 *   D:15 [   Orc:2 ([!!   Snake:4 *
Vaults:4 (   Depths:1 [=[   Depths:4 ((:[

Portals:
Hell: Depths:1 Depths:2 Depths:4 Depths:5
Abyss: D:7 Depths:4 Depths:5
Pandemonium: Depths:1
Ziggurat: Depths:5

Annotations:
D:7 kalagan's ghost, novice DESu
D:14 3 runed translucent doors, Cofimnas's ghost, journeyman FoFi
Lair:3 exclusions: 2 oklob plants and 1 more exclusion
Snake:3 1 transporter
Vaults:4 2 runed translucent doors, Silenth's ghost, adept DrFE
Depths:1 6 runed translucent doors, exclusion: 6 doors
Zot:2 1 exclusion
Zot:3 34 runed doors
Zot:5 1 exclusion
Abyss:1 Fannar; Mara; Snorg; kelmiir's ghost, adept DsGl


Innate Abilities, Weirdness & Mutations

You are too large for most types of armour.
You have tough skin. (AC +1)
Your life essence is reduced to manifest your ancestor. (-10% HP)
Your system is resistant to poisons. (rPois)
You are robust. (+10% HP)
Your muscles are strong. (Str +2)


Message History

You are covered in liquid flames!
A sun demon comes into view.
You closely miss the balrug. You impale the balrug!!
Space warps horribly around the balrug!!
The balrug is heavily wounded.
You barely miss the balrug.
The balrug is heavily wounded.
The balrug gestures at you. The bolt of fire hits you! You resist.
The bolt of fire hits dev tools!
Dev tools resists.
You block the red devil's attack.
You hit the balrug but do no damage.
The balrug is heavily wounded.
The balrug blinks!
You puncture the red devil!
Space warps horribly around the red devil!
The red devil is almost dead.
The red devil hits you but does no damage.
Your gold dragon scales prevents you from hitting the red devil.
The red devil is almost dead.
The balrug gestures at you. Something smites you!
You puncture the red devil!
You kill the red devil!
A Tzitzimitl comes into view.
You puncture the sun demon!
The sun demon is moderately wounded.
The sun demon blinks!
You impale the balrug!!
Space bends around the balrug.
The balrug is severely wounded.
Dev tools is no longer being sapped.
Dev tools hits the balrug with a +0 broad axe of speed!
Dev tools closely misses the balrug.
Really quaff
C - 7 potions of haste {@q4 !q}?
You feel yourself speed up.
Dev tools hits the balrug with a +0 broad axe of speed.
The balrug gestures at you.
The fireball explodes!
The fireball engulfs you. You resist.
The fireball engulfs the sun demon.
The sun demon completely resists.
The fireball engulfs the balrug.
The balrug completely resists.
You block the sun demon's attack.
Dev tools hits the balrug but does no damage.
Dev tools blocks the balrug's attack.
You impale the sun demon!!
The sun demon is severely wounded.
The sun demon blinks!
Dev tools hits the balrug with a +0 broad axe of speed!
You block the sun demon's attack.
You puncture the sun demon!
Space bends around the sun demon.
The sun demon is almost dead.
The balrug hits dev tools but does no damage.
Dev tools hits the balrug with a +0 broad axe of speed!
The balrug dies!
You hit the sun demon.
You kill the sun demon!
The Tzitzimitl calls on the powers of darkness!
Your body is wracked with pain!
With a swish of your cloak, you release a cloud of fog.
You see here a +0 club.
(D) Dungeon (T) Temple (L) Lair (S) Swamp (P) Snake Pit (M) Slime Pits (O) Orcish Mines (E) Elven Halls (V) Vaults (C) Crypt (U) Depths (H) Hell (Z) Zot
Where to? (Enter - D:1 @ (x,y), ? - help)
There is a stone staircase leading up here.
You climb upwards.
There is a stone staircase leading down here.
There is a stone staircase leading up here.
You climb upwards.
Your extra speed is starting to run out.
There is a stone staircase leading down here.
You feel yourself slow down.
A Hell Sentinel comes into view.
There is a dry fountain here.
Unknown command.
You can't go up here!
You can't go up here!
Dev tools is recalled.
Okay, then.
The Hell Sentinel gestures at you.
The sphere of damnation explodes!
The damnation engulfs you!!!
With a swish of your cloak, you release a cloud of fog.
The damnation engulfs dev tools!!
You are too injured to fight recklessly!
Dev tools gestures wildly while chanting.
Dev tools seems to speed up.
An Orb Guardian comes into view.
Something hits dev tools but does no damage.
Dev tools blocks something's attack.
There is a dry fountain here.
Something hits dev tools.
Dev tools hits the Hell Sentinel with a +0 broad axe of speed!!
Dev tools hits the Hell Sentinel with a +0 broad axe of speed!
The Hell Sentinel gestures at you.
The sphere of damnation explodes!
The damnation engulfs you!!!
There is a staircase leading out of the dungeon here.
Dev tools hits the Hell Sentinel with a +0 broad axe of speed!!
You block the Orb Guardian's attack.
You have escaped!

.....#......⌠.......⌠......#.####
.....##.........§§§.......##.....
.....###..⌠...⌠§§§§§§.⌠..##......
.......##.......§§§.....##.......
........##.⌠...§⌠§§§.⌠.###.......
.........##......R....###........
#######...##..⌠.1.⌠..##..........
#....##...X...##...........
##..#.##..@..##....#.......
#...#..##.>.##.....##......
##...##..#####..............
##..#####..#.........####....
#...# #..#.##.###### #.#.. #...#
##..[.......######.### #####
##.......###...........
###.................#....
####.....#################..


You could see the friendly dev tools the knight (fast), a Hell Sentinel and an
Orb Guardian.

Vanquished Creatures
  Mennas (Depths:5)
  A juggernaut (Depths:4)
  A curse toe (Zot:5)
  3 golden dragons
  the Enchantress (Depths:4)
  3 tentacled monstrosities (Vaults:5)
  3 quicksilver dragons (Zot:1)
  20 acid blobs
  2 death cobs (Zot:1)
  2 sphinxes
  5 storm dragons
  3 thorn hunters
  11 azure jellies
  4 shadow dragons
  3 draconian monks
  7 nagarajas
  2 tengu reavers (Vaults:5)
  3 draconian knights
  4 fire giants
  8 frost giants
  A deep elf sorcerer (Vaults:5)
  An iron dragon (Vaults:4)
  A warmonger (D:3)
  10 vault wardens
  A draconian scorcher (Zot:1)
  3 draconian annihilators
  A draconian shifter (Depths:5)
  A spriggan defender (Depths:4)
  A reaper (D:11)
  15 very ugly things
  3 war gargoyles (Vaults:5)
  14 stone giants
  A corrupter (D:3)
  3 green draconians
  12 ironheart preservers
  A vampire knight (Depths:4)
  3 yellow draconians
  An entropy weaver (Vaults:3)
  2 purple draconians
  A bunyip (Swamp:2)
  A deep elf demonologist (Vaults:5)
  6 white draconians
  2 red draconians
  3 spark wasps (Depths:3)
  6 black draconians
  The ghost of Feulaj the Severer, a journeyman MiBe of Trog (Lair:3)
  6 ettins
  9 death oozes
  3 fire dragons
  2 eleionomae
  A deep elf high priest (Vaults:5)
  Josephine (Orc:1)
  A shambling mangrove (Swamp:3)
  A hell beast (Depths:2)
  18 hydras
  12 naga warriors
  3 boulder beetles
  8 yaktaur captains
  4 great orbs of eyes
  3 ghost crabs
  25 vault guards
  9 ice dragons
  2 spriggan air magi (Depths:4)
  7 anacondas
  4 centaur warriors
  Erica (D:8)
  41 two-headed ogres
  A merfolk avatar (Lair:6)
  3 death yaks
  5 alligators
  3 deep troll shamans
  2 satyrs (Depths:4)
  A dancing weapon (Vaults:3)
  2 vampire magi
  14 ogre magi
  2 spriggan berserkers (Depths:4)
  6 deep troll earth magi
  3 shock serpents
  11 naga sharpshooters
  7 deep elf knights
  A sun demon (D:3)
  A shadow wraith (Vaults:4)
  A fire crab (shapeshifter) (Vaults:4)
  20 skeletal warriors
  A storm dragon skeleton (Vaults:3)
  An iron troll (Depths:1)
  4 goliath frogs
  16 deep trolls
  3 salamander mystics
  3 spriggan druids
  9 hell knights
  A torturous demonspawn (D:3)
  8 glowing orange brains
  8 swamp dragons (Swamp:4)
  A flayed ghost (Vaults:4)
  2 sea snakes (Lair:6)
  7 naga ritualists (Snake:4)
  2 wizards
  8 bog bodies (Swamp:4)
  A shadow demon (Zot:2)
  5 unseen horrors
  A gelid demonspawn (Depths:1)
  14 ironbrand convokers
  2 phantasmal warriors (Vaults:5)
  2 deep elf archers (Vaults:4)
  8 harpies
  7 necromancers
  A lindwurm (Depths:2)
  A wolf spider zombie (D:15)
  11 orc knights
  A shining eye (Slime:2)
  28 ugly things
  6 oklob plants (Zot:4)
  3 wolf spiders
  A manticore (D:13)
  2 orc sorcerers
  7 salamanders
  6 will-o-the-wisps
  5 mana vipers
  11 deep elf magi
  3 elephants (Lair:6)
  A sphinx skeleton (Vaults:3)
  3 fauns (Depths:4)
  17 black mambas
  5 cyclopes
  3 stone giant skeletons
  6 moths of wrath
  6 guardian serpents
  A rust devil (Depths:2)
  2 frost giant skeletons
  25 naga magi
  Joseph (D:7)
  An elephant (shapeshifter) (Vaults:4)
  17 vault sentinels
  2 eyes of devastation
  2 torpor snails
  A water nymph (Depths:4)
  A human zombie (Vaults:2)
  2 gargoyles
  10 cane toads
  A hellion (Depths:1)
  Maggie (D:6)
  A knight (Slime:5)
  26 yaktaurs
  An orange demon (Depths:1)
  2 tormentors
  7 rime drakes
  2 kobold demonologists (D:13)
  A komodo dragon (shapeshifter) (D:15)
  A hellwing (Depths:1)
  4 tengu conjurers
  An efreet (D:15)
  5 freezing wraiths
  2 red devils
  5 komodo dragons
  2 bloated husks (Swamp:3)
  3 polar bears
  6 human skeletons (Vaults:3)
  8 trolls
  A wind drake (Lair:6)
  6 tyrant leeches
  17 hornets
  20 blink frogs
  63 slime creatures
  4 dream sheep (Lair:6)
  A fire giant simulacrum (Vaults:1)
  10 spriggans
  A redback (shapeshifter) (Vaults:2)
  7 wyverns
  5 wraiths
  3 basilisks
  2 humans (shapeshifter)
  A redback (Vaults:3)
  Grum (D:10)
  34 yaks
  A fire bat (shapeshifter) (Vaults:5)
  4 golden eyes (Slime:3)
  2 steam dragons
  8 wargs
  13 swamp worms
  47 nagas
  2 acid dragons
  A soldier ant (D:13)
  2 soldier ants (shapeshifter)
  A naga (shapeshifter) (D:15)
  10 water moccasins
  5 hell hounds (D:15)
  A floating eye (Slime:5)
  A floating eye (shapeshifter) (Depths:2)
  45 orc warriors
  2 sky beasts
  12 swamp drakes
  2 black bears
  4 eyes of draining
  A necrophage (D:14)
  8 boggarts
  A tengu (shapeshifter) (Vaults:1)
  36 wolves
  A phantom (D:9)
  34 ogres
  33 centaurs
  6 big kobolds
  18 bullfrogs
  A gnoll sergeant (D:9)
  Dowan (D:6)
  8 scorpions
  An elf simulacrum (Vaults:4)
  11 wights
  2 electric eels
  8 howler monkeys
  A centaur zombie (D:11)
  A quasit (D:8)
  2 bullfrog zombies
  An iron imp (Depths:5)
  12 hounds
  4 jellies
  21 orc priests
  2 gnoll shamans (D:6)
  5 centaur skeletons
  An iguana (D:13)
  29 orc wizards
  10 worker ants
  Terence (D:3)
  A hound zombie (D:10)
  2 hound skeletons (D:7)
  2 worker ant zombies
  Robin (D:2)
  11 adders
  15 gnolls
  4 shadow imps
  2 white imps
  5 oozes
  An adder skeleton (D:4)
  2 adder zombies
  3 worms
  3 leopard geckos
  84 orcs
  8 giant cockroaches
  17 goblins
  7 hobgoblins
  4 jackals
  24 kobolds
  4 quokkas
  12 bats
  5 frilled lizards
  A leopard gecko zombie (D:5)
  2 rats (D:3)
1630 creatures vanquished.

Vanquished Creatures (collateral kills)
  the Royal Jelly (Slime:5)
  Bai Suzhen (Vaults:4)
  the Lernaean hydra (Swamp:4)
  Saint Roka (Orc:2)
  3 golden dragons
  A tentacled monstrosity (Zot:3)
  A titan (Vaults:5)
  An Ice Fiend (D:15)
  2 quicksilver dragons
  9 acid blobs
  A thorn hunter (Depths:4)
  A shadow dragon (Zot:3)
  A storm dragon (Vaults:5)
  3 frost giants
  4 azure jellies (Slime:5)
  A nagaraja (Snake:4)
  A draconian knight (Zot:1)
  A fire giant (Vaults:5)
  A balrug (D:3)
  2 draconian scorchers
  3 draconian shifters
  2 vault wardens
  2 draconian annihilators
  2 stone giants (Vaults:4)
  8 very ugly things
  3 ironheart preservers
  A green draconian (Zot:1)
  A white draconian (Depths:5)
  3 black draconians
  4 purple draconians
  2 bunyips
  2 fire dragons
  6 great orbs of eyes
  3 death oozes
  A yaktaur captain (Depths:1)
  An ice dragon (Zot:3)
  A deep elf high priest (Depths:5)
  3 vault guards (Vaults:4)
  A boulder beetle (Vaults:4)
  5 hydras
  4 naga warriors
  A ghost crab (Swamp:4)
  2 satyrs (Depths:4)
  A catoblepas (Lair:3)
  5 ogre magi
  5 alligators
  A dancing weapon (Vaults:5)
  11 two-headed ogres
  A deep troll earth mage (Vaults:1)
  A deep troll shaman (Depths:1)
  A death yak (Lair:1)
  2 hell knights
  A sun demon (Depths:1)
  A naga sharpshooter (Snake:4)
  2 deep elf knights
  A skeletal warrior (Vaults:3)
  An iron troll (Depths:1)
  5 deep trolls
  A glowing orange brain (Vaults:3)
  A spriggan druid (Swamp:3)
  2 flayed ghosts
  3 swamp dragons
  A swamp dragon (shapeshifter) (Vaults:4)
  2 deep elf archers (Vaults:5)
  A wizard (D:14)
  2 orc knights
  A lindwurm (shapeshifter) (Vaults:5)
  2 naga ritualists (Snake:4)
  3 necromancers
  A phantasmal warrior (Vaults:5)
  2 bog bodies (Swamp:4)
  3 ironbrand convokers
  A deep elf mage (D:13)
  13 ugly things
  A harpy (Vaults:3)
  2 lindwurms (Depths:2)
  2 oklob plants (Zot:4)
  2 orc sorcerers
  A faun (Depths:4)
  A will-o-the-wisp (Swamp:3)
  A salamander (Snake:4)
  2 cyclopes
  8 shining eyes
  2 elephants (Lair:6)
  A guardian serpent (shapeshifter) (D:15)
  3 black mambas
  A water nymph (Depths:4)
  3 vault sentinels
  A moth of wrath (Zot:4)
  3 naga magi (Snake:4)
  An eye of devastation (Slime:5)
  2 rime drakes
  4 komodo dragons
  10 yaktaurs
  A human skeleton (Vaults:3)
  A polar bear (Lair:3)
  A troll (D:14)
  20 slime creatures
  A hornet (Swamp:3)
  5 blink frogs
  A dream sheep (Lair:6)
  A meliai zombie (D:12)
  2 spriggans (Lair:2)
  A wyvern (D:15)
  A human simulacrum (Vaults:2)
  7 yaks
  A golden eye (Slime:5)
  3 swamp worms
  A soldier ant (D:10)
  11 nagas
  3 wargs
  A water moccasin (Lair:6)
  Duvessa (D:6)
  2 swamp drakes
  7 orc warriors
  A sky beast (D:9)
  11 ogres
  2 ice beasts
  8 wolves
  A boggart (Depths:4)
  6 centaurs
  A big kobold (D:13)
  5 bullfrogs
  2 gnoll sergeants (D:6)
  3 scorpions
  3 electric eels
  5 hounds
  4 orc priests
  3 centaur skeletons
  2 jellies
  5 orc wizards
  2 iguanas
  A hound zombie (D:6)
  4 gnolls (D:6)
  4 adders
  A shadow imp (D:5)
  3 ufetubi
  An ooze (D:4)
  2 adder zombies (D:7)
  A leopard gecko (D:3)
  21 orcs
  A giant cockroach (D:3)
  A goblin (D:13)
  A hobgoblin (D:3)
  3 jackals (D:6)
  4 kobolds
  2 quokkas
  A bat (D:5)
  5 briar patches (Depths:4)
419 creatures vanquished.

Vanquished Creatures (others)
  A fire giant (Depths:1)
  2 ettins
  A yaktaur captain (Vaults:3)
  A satyr (Depths:4)
  2 naga sharpshooters (Snake:4)
  A deep elf mage (Vaults:4)
  A vault sentinel (Vaults:5)
  4 yaktaurs
  A tyrant leech (Swamp:4)
  A wraith (D:15)
  2 spriggans (Swamp:4)
  A warg (Vaults:4)
  An ettin simulacrum (Vaults:4)
  2 ogres (Vaults:5)
  11 knights
  2 ancestors
  A briar patch (Depths:4)
  2 bushes
  20 foxfires
  52 fungi
  161 plants
  3 toadstools (D:6)
273 creatures vanquished.

Grand Total: 2322 creatures vanquished

Notes
Turn   | Place    | Note
-------+----------+-------------------------------------------
     0 | D:1      | EnegeticOcto the Ogre Gladiator began the quest for the
                  | Orb.
     0 | D:1      | Reached XP level 1. HP: 22/22 MP: 1/1
   156 | D:1      | Reached XP level 2. HP: 23/29 MP: 2/2
   295 | D:1      | Reached skill level 1 in Stealth
  1034 | D:2      | Reached XP level 3. HP: 36/36 MP: 3/3
  1164 | D:2      | Found a glowing silver altar of Zin.
  1165 | D:2      | Found an ornate altar of the Wu Jian Council.
  1526 | D:2      | Noticed Robin
  1548 | D:2      | Killed Robin
  1898 | D:2      | Reached XP level 4. HP: 42/44 MP: 4/4
  1936 | D:2      | Found a shimmering blue altar of Sif Muna.
  2016 | D:2      | Found a hazy altar of Hepliaklqana.
  2022 | D:2      | Became a worshipper of Hepliaklqana the Forgotten
  2101 | D:3      | Reached skill level 4 in Staves
  2115 | D:3      | Reached skill level 2 in Stealth
  2466 | D:3      | Noticed Terence
  2479 | D:3      | Killed Terence
  2480 | D:3      | Reached skill level 3 in Stealth
  2480 | D:3      | Reached XP level 5. HP: 24/46 MP: 5/5
  2758 | D:3      | Reached skill level 3 in Fighting
  3322 | D:4      | Reached * piety under Hepliaklqana
  3338 | D:4      | Reached skill level 1 in Polearms
  3671 | D:4      | Found a staircase to the Ecumenical Temple.
  3722 | D:4      | Learned a level 1 spell: Apportation
  3724 | D:4      | Learned a level 1 spell: Animate Skeleton
  3726 | D:4      | Learned a level 1 spell: Summon Small Mammal
  3781 | D:4      | Reached skill level 4 in Fighting
  3864 | D:4      | Reached skill level 2 in Polearms
  3864 | D:4      | Reached XP level 6. HP: 52/55 MP: 6/6
  4482 | D:4      | Reached skill level 5 in Fighting
  4780 | D:5      | Entered Level 5 of the Dungeon
  4797 | D:5      | Reached skill level 3 in Polearms
  4806 | D:5      | Reached skill level 4 in Polearms
  4806 | D:5      | Reached XP level 7. HP: 53/64 MP: 7/7
  5216 | D:5      | Reached skill level 5 in Polearms
  5301 | D:5      | Reached skill level 6 in Polearms
  5564 | D:5      | Found a blossoming altar of Fedhas.
  5567 | D:5      | Found an ancient bone altar of Kikubaaqudgha.
  5658 | D:5      | Reached XP level 8. HP: 22/72 MP: 8/8
  6099 | D:5      | Reached skill level 7 in Polearms
  6181 | D:5      | Found Yron's Book Boutique.
  6252 | D:5      | Reached ** piety under Hepliaklqana
  6253 | D:5      | Remembered your ancestor dev tools as a knight
  6934 | D:5      | Reached skill level 8 in Polearms
  7141 | D:6      | Found Faowocza's Jewellery Shoppe.
  7213 | D:6      | Found Daeled's Jewellery Shoppe.
  7266 | D:6      | Found Toewudet's Assorted Antiques.
  7281 | D:6      | Bought a scroll labelled KADUMY LASETAU for 31 gold pieces
  7281 | D:6      | Bought a scroll labelled GAMEUSM UGUB for 31 gold pieces
  7331 | D:6      | Reached skill level 9 in Polearms
  7509 | D:6      | Found Oteotz's Gadget Boutique.
  7517 | D:6      | Bought a wand of paralysis (11) for 182 gold pieces
  7564 | D:6      | Noticed Duvessa
  7564 | D:6      | Noticed Dowan
  7590 | D:6      | Reached XP level 9. HP: 76/79 MP: 9/9
  7726 | D:6      | Noticed Maggie
  7742 | D:6      | Killed Maggie
  7743 | D:6      | Reached skill level 10 in Polearms
  8496 | D:6      | Killed Duvessa
  8500 | D:6      | Killed Dowan
  8501 | D:6      | Reached skill level 11 in Polearms
  9104 | D:7      | Killed an unseen horror
  9105 | D:7      | Reached skill level 12 in Polearms
  9225 | D:7      | Found the +8 demon trident "Rift" {distort, reach+}
  9254 | D:7      | Noticed Joseph
  9278 | D:7      | Killed Joseph
  9279 | D:7      | Reached skill level 3 in Dodging
  9279 | D:7      | Reached skill level 1 in Evocations
  9279 | D:7      | Reached XP level 10. HP: 46/86 MP: 10/10
  9555 | D:7      | Found a shimmering altar of Xom.
  9899 | D:7      | Found a transporter.
 10048 | D:7      | Reached *** piety under Hepliaklqana
 10261 | D:7      | Found a transporter.
 10297 | D:7      | Found a one-way gate to the infinite horrors of the Abyss.
 10297 | D:7      | Noticed kalagan's ghost (novice DESu)
 10658 | D:8      | Reached skill level 6 in Fighting
 10824 | D:8      | Reached skill level 2 in Evocations
 10969 | D:8      | Noticed a two-headed ogre
 10976 | D:8      | Killed a two-headed ogre
 10977 | D:8      | Reached skill level 4 in Dodging
 11157 | D:8      | Reached skill level 7 in Fighting
 11190 | D:8      | Noticed Erica
 11206 | D:8      | Killed Erica
 11207 | D:8      | Reached skill level 3 in Evocations
 11677 | D:6      | Bought an uncursed ring of willpower for 350 gold pieces
 11851 | D:9      | Found a broken altar of Ashenzari.
 11864 | D:9      | Reached XP level 11. HP: 99/99 MP: 11/11
 11878 | D:9      | Reached skill level 5 in Dodging
 11886 | D:9      | Noticed a boulder beetle
 11888 | D:9      | Reached skill level 8 in Fighting
 12004 | D:9      | Killed a boulder beetle
 12005 | D:9      | Reached skill level 4 in Evocations
 12080 | D:9      | Found an iron altar of Okawaru.
 12391 | D:9      | Found a radiant altar of Vehumet.
 12477 | D:9      | Noticed a two-headed ogre
 12483 | D:9      | Killed a two-headed ogre
 12484 | D:9      | Reached skill level 13 in Polearms
 12542 | D:10     | Entered Level 10 of the Dungeon
 12555 | D:10     | Reached skill level 9 in Fighting
 12648 | D:10     | Reached **** piety under Hepliaklqana
 12681 | D:10     | Noticed Snorg
 12886 | D:10     | Reached skill level 6 in Dodging
 12897 | D:10     | Noticed Grum
 12907 | D:10     | Killed Grum
 12919 | D:10     | Reached skill level 1 in Invocations
 13112 | D:10     | Reached skill level 2 in Invocations
 13761 | D:10     | Found a staircase to the Lair.
 13806 | D:10     | Found a hazy altar of Hepliaklqana.
 13825 | D:10     | Killed an unseen horror
 13826 | D:10     | Reached skill level 10 in Fighting
 13826 | D:10     | Reached skill level 3 in Invocations
 14337 | Lair:1   | Entered Level 1 of the Lair of Beasts
 14371 | Lair:1   | Reached skill level 4 in Invocations
 14473 | Lair:1   | Reached XP level 12. HP: 85/113 MP: 15/15
 14671 | Lair:1   | Reached skill level 5 in Invocations
 14702 | Lair:1   | Reached skill level 6 in Invocations
 14771 | Lair:1   | You fall into a shaft and drop 1 floor!
 14893 | Lair:1   | Reached skill level 7 in Invocations
 14946 | Lair:1   | Reached skill level 1 in Armour
 15042 | Lair:1   | Reached skill level 2 in Armour
 15770 | Lair:2   | Noticed a seven-headed hydra
 15789 | Lair:2   | Killed a seven-headed hydra
 15790 | Lair:2   | Reached skill level 3 in Armour
 15790 | Lair:2   | Reached skill level 5 in Evocations
 16178 | Lair:2   | You fall into a shaft and drop 1 floor!
 16189 | Lair:3   | Noticed Feulaj's ghost (journeyman MiBe)
 16189 | Lair:3   | Noticed a death yak
 16196 | Lair:3   | Found a runed translucent gate.
 16201 | Lair:3   | Found a runed translucent gate.
 16202 | Lair:3   | Found a runed translucent gate.
 16218 | Lair:3   | Reached ***** piety under Hepliaklqana
 16383 | Lair:3   | Reached skill level 4 in Armour
 16456 | Lair:3   | Reached skill level 6 in Evocations
 16871 | Lair:2   | Noticed a five-headed hydra
 16877 | Lair:2   | Killed a five-headed hydra
 16886 | Lair:2   | Reached skill level 11 in Fighting
 17005 | Lair:2   | Reached XP level 13. HP: 58/123 MP: 18/18
 17264 | Lair:2   | Reached skill level 7 in Evocations
 17267 | Lair:2   | Learned a level 2 spell: Blink
 17374 | Lair:2   | Reached skill level 1 in Translocations
 18562 | Lair:2   | Reached skill level 2 in Translocations
 19452 | Lair:3   | You fall into a shaft and drop 3 floors!
 19452 | Lair:6   | Entered Level 6 of the Lair of Beasts
 19488 | Lair:6   | Reached skill level 12 in Fighting
 20027 | Lair:3   | Reached skill level 3 in Translocations
 20049 | Lair:3   | Killed Feulaj's ghost
 20050 | Lair:3   | Reached skill level 8 in Evocations
 20936 | Lair:4   | Reached skill level 1 in Spellcasting
 20969 | Lair:4   | Reached skill level 13 in Fighting
 21151 | Lair:4   | Reached skill level 2 in Spellcasting
 21218 | Lair:4   | Reached skill level 14 in Fighting
 21279 | Lair:4   | You fall into a shaft and drop 2 floors!
 21394 | Lair:5   | Found a staircase to the Slime Pits.
 21504 | Lair:5   | Reached XP level 14. HP: 130/141 MP: 19/19
 21505 | Lair:5   | Reached skill level 15 in Fighting
 22159 | Lair:4   | Found a staircase to the Snake Pit.
 22240 | Lair:4   | Found a staircase to the Swamp.
 22840 | Lair:6   | Reached skill level 1 in Shields
 22850 | Lair:6   | Reached skill level 8 in Invocations
 22856 | Lair:6   | Reached skill level 5 in Armour
 22971 | Lair:6   | Reached skill level 2 in Shields
 23057 | Lair:6   | Reached skill level 3 in Shields
 23403 | Lair:6   | Reached skill level 4 in Shields
 23752 | Lair:6   | Reached skill level 9 in Invocations
 23776 | Lair:6   | Reached skill level 5 in Shields
 23863 | Lair:6   | Paralysed by a hornet for 1 turns
 24523 | D:11     | Found Milunil's Distillery.
 24533 | D:11     | Bought a potion of invisibility for 120 gold pieces
 24533 | D:11     | Bought a potion of heal wounds for 75 gold pieces
 24533 | D:11     | Bought a potion of lignification for 45 gold pieces
 24533 | D:11     | Bought a potion of lignification for 45 gold pieces
 24563 | D:11     | Found Ywnovigi's Distillery.
 24565 | D:11     | Banished Snorg
 24566 | D:11     | Reached skill level 6 in Armour
 24874 | D:11     | Reached skill level 6 in Shields
 24876 | D:11     | Found Vuddeoq's Gadget Boutique.
 24890 | D:11     | Bought a wand of paralysis (14) for 256 gold pieces
 25075 | D:11     | Found Nixkuux's Antique Weapon Boutique.
 25123 | D:11     | Found Tinakado's Assorted Antiques.
 25328 | D:12     | Found a staircase to the Orcish Mines.
 25338 | D:12     | Reached XP level 15. HP: 150/150 MP: 22/22
 25464 | D:12     | Noticed Nessos
 25465 | D:12     | Noticed Nessos
 25465 | D:12     | Nessos changed into Nessos the warg
 25467 | D:12     | Killed Nessos the warg
 25713 | D:12     | Reached ****** piety under Hepliaklqana
 25945 | D:12     | Found Niteit's Blood Bar.
 26120 | Orc:1    | Entered Level 1 of the Orcish Mines
 26128 | Orc:1    | Noticed Fannar
 26132 | Orc:1    | Banished Fannar
 26254 | Orc:1    | Noticed Josephine
 26293 | Orc:1    | Killed Josephine
 26294 | Orc:1    | Reached skill level 7 in Shields
 26892 | Orc:2    | Entered Level 2 of the Orcish Mines
 27172 | Orc:2    | Reached skill level 10 in Invocations
 27267 | Orc:2    | Reached skill level 7 in Armour
 27346 | Orc:2    | Found Wootseru's Distillery.
 27346 | Orc:2    | Found Giorrev's Armour Emporium.
 27348 | Orc:2    | Found Micux's Antique Weapon Shoppe.
 27351 | Orc:2    | Found Haton's Distillery.
 27355 | Orc:2    | Bought a potion of cancellation for 88 gold pieces
 27430 | Orc:2    | Noticed Saint Roka
 28178 | Orc:2    | Reached skill level 8 in Shields
 28361 | Orc:2    | Found a staircase to the Elven Halls.
 28619 | Orc:2    | Killed Saint Roka
 28946 | D:13     | Found a flagged portal.
 28966 | Bailey   | Entered a bailey
 29251 | Bailey   | Got a glittering garnet amulet
 29252 | Bailey   | Identified the amulet of Ymilof {Spirit rF+} (You found it
                  | in a bailey)
 29486 | D:13     | Reached skill level 9 in Shields
 29566 | D:13     | Found a shadowy altar of Dithmenos.
 29692 | D:13     | Found a portal to a secret trove of treasure.
 30226 | D:13     | Reached skill level 8 in Armour
 30326 | D:14     | Reached skill level 10 in Shields
 30401 | D:14     | Found a runed translucent gate.
 30401 | D:14     | Found a runed translucent gate.
 30407 | D:14     | Noticed Cofimnas's ghost (journeyman FoFi)
 30408 | D:14     | Found a runed translucent gate.
 30408 | D:14     | Identified the +7 chain mail of Lugonu's Scorn {+Blink rF+}
 30410 | D:14     | Found an iron altar of Okawaru.
 30457 | D:14     | Reached XP level 16. HP: 153/158 MP: 23/23
 30759 | D:14     | Found a gate to the Vaults.
 30768 | D:14     | Reached skill level 11 in Shields
 31063 | D:15     | Entered Level 15 of the Dungeon
 31390 | D:15     | Found Piyt's Antique Armour Shoppe.
 31628 | D:15     | Reached skill level 12 in Shields
 31654 | D:15     | Found a staircase to the Depths.
 31961 | D:15     | Bought the +2 cloak of the Thief {*Fog Slay-2 SInv Stlth+}
                  | for 562 gold pieces
 31961 | D:15     | Found the +2 cloak of the Thief {*Fog Slay-2 SInv Stlth+}
 32200 | Swamp:1  | Entered Level 1 of the Swamp
 33154 | Swamp:2  | Reached skill level 13 in Shields
 33879 | Swamp:3  | Noticed Mara
 34174 | Swamp:3  | Noticed EnegeticOcto's illusion
 34353 | Swamp:3  | Banished Mara
 34354 | Swamp:3  | Reached skill level 14 in Shields
 34354 | Swamp:3  | Reached XP level 17. HP: 165/165 MP: 24/24
 35588 | Swamp:3  | Reached skill level 15 in Shields
 35998 | Swamp:4  | Entered Level 4 of the Swamp
 36947 | Swamp:4  | Noticed the 27-headed Lernaean hydra
 36948 | Swamp:4  | Killed the 27-headed Lernaean hydra
 37002 | Swamp:4  | Got a decaying rune of Zot
 37013 | Swamp:4  | Reached skill level 16 in Fighting
 37037 | Swamp:4  | Reached skill level 7 in Dodging
 37270 | Swamp:4  | Found a large runed translucent door.
 37270 | Swamp:4  | Found a large runed translucent door.
 37270 | Swamp:4  | Noticed kelmiir's ghost (adept DsGl)
 37684 | Swamp:4  | Banished kelmiir's ghost
 37685 | Swamp:4  | Reached skill level 11 in Invocations
 37690 | Swamp:4  | Identified the Disquisition on Glacial Orientation
 37762 | Snake:1  | Entered Level 1 of the Snake Pit
 37872 | Snake:1  | Reached XP level 18. HP: 176/176 MP: 26/26
 37970 | Snake:1  | Reached skill level 9 in Armour
 38081 | Snake:1  | Reached skill level 9 in Evocations
 39177 | Snake:2  | Reached skill level 8 in Dodging
 40114 | Snake:3  | Found the amulet of Vitality {Regen+ HP+15}
 40192 | Snake:3  | Found a blossoming altar of Fedhas.
 40542 | Snake:3  | Identified the ring "Qotomak" {rPois rF+ rN+++ Will-}
 40544 | Snake:3  | Found a radiant altar of Vehumet.
 40546 | Snake:3  | Found a transporter.
 40818 | Snake:3  | Reached skill level 17 in Fighting
 40852 | Snake:3  | Reached skill level 12 in Invocations
 41432 | Snake:4  | Entered Level 4 of the Snake Pit
 42071 | Snake:4  | Found Pesyoz's Assorted Antiques.
 42081 | Snake:4  | Reached XP level 19. HP: 188/188 MP: 28/28
 42092 | Snake:4  | Bought a potion of invisibility for 232 gold pieces
 42147 | Snake:4  | Reached skill level 10 in Armour
 42147 | Snake:4  | Reached skill level 9 in Dodging
 42147 | Snake:4  | Reached skill level 10 in Evocations
 43004 | Snake:4  | Got a serpentine rune of Zot
 43631 | Vaults:1 | Entered Level 1 of the Vaults
 43836 | Vaults:1 | Reached skill level 13 in Invocations
 43900 | Vaults:1 | Reached skill level 18 in Fighting
 43935 | Vaults:1 | Reached skill level 4 in Translocations
 44606 | Vaults:1 | Reached skill level 10 in Dodging
 44804 | Vaults:1 | Found the ring of the Octopus King
 44809 | Vaults:1 | Got a ring of the Octopus King
 44821 | Vaults:1 | Reached XP level 20. HP: 199/199 MP: 29/29
 45074 | Vaults:1 | Reached skill level 5 in Translocations
 45324 | Vaults:1 | Identified a ring of the Octopus King {rCorr AC+1 EV+1
                  | Str+1 Int+1 Dex+1} (You found it on level 1 of the Vaults)
 45533 | Vaults:2 | Reached skill level 11 in Armour
 45569 | Vaults:2 | Reached skill level 11 in Evocations
 45803 | Vaults:2 | Identified the Guide on Virous Earth
 46508 | Vaults:2 | Reached skill level 6 in Translocations
 47187 | Vaults:3 | Reached skill level 19 in Fighting
 47196 | Vaults:3 | Reached skill level 11 in Dodging
 47356 | Vaults:3 | Reached XP level 21. HP: 74/210 MP: 15/30
 48588 | Vaults:3 | Reached skill level 12 in Armour
 48622 | Vaults:3 | Reached skill level 12 in Evocations
 48682 | Vaults:3 | Found a staircase to the Crypt.
 49256 | Vaults:4 | Found Copedich's Antique Weapon Boutique.
 49304 | Vaults:4 | Reached skill level 12 in Dodging
 49348 | Vaults:4 | Reached skill level 20 in Fighting
 49584 | Vaults:4 | Identified the +1 robe "Firaliaz" {rF+ Will+}
 49673 | Vaults:4 | Noticed Bai Suzhen
 49694 | Vaults:4 | Killed Bai Suzhen
 49868 | Vaults:4 | Reached XP level 22. HP: 206/223 MP: 31/31
 50556 | Vaults:4 | Found a large runed translucent door.
 50557 | Vaults:4 | Found a large runed translucent door.
 50558 | Vaults:4 | Noticed Silenth's ghost (adept DrFE)
 50669 | Vaults:5 | Entered Level 5 of the Vaults
 50969 | Depths:1 | Entered Level 1 of the Depths
 51123 | Depths:1 | Paralysed by a great orb of eyes for 2 turns
 51166 | Depths:1 | Reached skill level 13 in Armour
 51239 | Depths:1 | Found Subed's Antique Armour Boutique.
 51243 | Depths:1 | Found Zaclij's Jewellery Shop.
 51244 | Depths:1 | Found Zemp's Antique Armour Boutique.
 51255 | Depths:1 | Bought an embroidered hat for 266 gold pieces
 51319 | Depths:1 | Reached skill level 13 in Evocations
 51554 | Depths:1 | You fall into a shaft and drop 1 floor!
 51623 | Depths:1 | Reached skill level 13 in Dodging
 51652 | Depths:1 | Found a one-way gate leading to the halls of Pandemonium.
 51765 | Depths:1 | Found a gateway to Hell.
 51887 | Depths:1 | Found a runed translucent gate.
 51887 | Depths:1 | Found a runed translucent gate.
 51887 | Depths:1 | Found a runed translucent gate.
 51887 | Depths:1 | Found a runed translucent gate.
 51887 | Depths:1 | Found a runed translucent gate.
 51887 | Depths:1 | Found a runed translucent gate.
 51888 | Depths:1 | Found the +2 Maxwell's thermic engine {flame, freeze}
 52478 | Depths:2 | Reached skill level 21 in Fighting
 53325 | Depths:2 | Reached XP level 23. HP: 200/226 MP: 28/32
 53899 | Depths:2 | Noticed a golden dragon
 53914 | Depths:2 | Killed a golden dragon
 53947 | Depths:2 | Identified the Compendium of Battle Magic and the Rocks
 53993 | Depths:2 | Identified the +0 pair of boots "Potzi" {Harm Will+ Str-4}
                  | (You found it on level 2 of the Depths)
 54197 | Depths:4 | Found Huduemu's Antique Armour Emporium.
 54197 | Depths:4 | Found Adalihots's Weapon Shoppe.
 54198 | Depths:4 | Found Kiniy's Book Emporium.
 54202 | Depths:4 | Found Fenokh's Weapon Shoppe.
 55011 | Depths:4 | Noticed the Enchantress
 55020 | Depths:4 | Killed the Enchantress
 55325 | Depths:4 | Reached skill level 14 in Dodging
 55331 | Depths:4 | Reached skill level 14 in Armour
 55627 | Depths:4 | Noticed a juggernaut
 55652 | Depths:4 | Killed a juggernaut
 55653 | Depths:4 | Reached skill level 14 in Evocations
 55867 | Depths:4 | Reached skill level 22 in Fighting
 57000 | D:13     | You paid a toll of a +5 demon trident to enter a treasure
                  | trove
 57001 | Trove    | Entered a treasure trove
 57012 | Trove    | Identified a scroll of acquirement
 57013 | Trove    | Acquired 980 gold pieces
 57016 | Trove    | Identified the ring of Wyrhah {rPois Dex+3} (You found it
                  | in a treasure trove)
 57018 | Trove    | Identified the ring of Wipy {+Inv rElec Str-4 Int+6 SInv}
                  | (You found it in a treasure trove)
 57022 | Trove    | Identified the ring "Huez" {Ice +Fly Will++ Int-3} (You
                  | found it in a treasure trove)
 57024 | Trove    | Identified the amulet "Jiboem" {rN++ Regen+} (You found it
                  | in a treasure trove)
 57555 | Depths:5 | Entered Level 5 of the Depths
 57555 | Depths:5 | Noticed Mennas
 57575 | Depths:5 | Killed Mennas
 57927 | Depths:5 | Found a gateway to a ziggurat.
 58029 | Depths:5 | Found a gate to the Realm of Zot.
 59122 | Depths:5 | Reached XP level 24. HP: 229/247 MP: 30/32
 59990 | Slime:1  | Entered Level 1 of the Pits of Slime
 60356 | Slime:3  | Gained mutation: Scrolls take you a little longer to read.
                  | [a shining eye]
 60450 | Slime:3  | Gained mutation: You are weak. (Str -2) [a shining eye]
 60723 | Slime:5  | Entered Level 5 of the Pits of Slime
 60733 | Slime:5  | Gained mutation: Your body sometimes deteriorates upon
                  | taking damage. [a shining eye]
 61804 | Slime:5  | Noticed the Royal Jelly
 62718 | Slime:5  | Reached skill level 15 in Dodging
 63903 | Slime:5  | Killed the Royal Jelly
 63904 | Slime:5  | Reached skill level 23 in Fighting
 64046 | Slime:5  | Identified Hatz's Guide on Vitriolic Earth
 64049 | Slime:5  | Identified the Compendium of Creative Bewitchment
 64064 | Slime:5  | Identified the Papyrus of the Oath
 64105 | Slime:5  | Got a slimy rune of Zot
 64114 | Slime:5  | Identified the Tome of Poisonous Sinister Rituals
 64523 | Vaults:4 | Reached skill level 15 in Armour
 64541 | Vaults:4 | Reached skill level 15 in Evocations
 65836 | Vaults:4 | Reached XP level 25. HP: 228/239 MP: 32/32
 66336 | Vaults:5 | Identified the cursed +1 ring mail of Ogru {Rampage rF+}
 66415 | Vaults:5 | Identified the ring "Reppaeh" {Ice Str+5 Int+3}
 66701 | Vaults:5 | Lost mutation: Scrolls take you a little longer to read.
                  | [potion of mutation]
 66701 | Vaults:5 | Lost mutation: Your body sometimes deteriorates upon taking
                  | damage. [potion of mutation]
 66701 | Vaults:5 | Lost mutation: You are weak. (Str -2) [potion of mutation]
 66701 | Vaults:5 | Gained mutation: Scrolls take you a little longer to read.
                  | [potion of mutation]
 66701 | Vaults:5 | Gained mutation: Your system is resistant to poisons.
                  | (rPois) [potion of mutation]
 66701 | Vaults:5 | Gained mutation: Your mind is acute. (Int +2) [potion of
                  | mutation]
 66831 | Vaults:5 | Reached skill level 24 in Fighting
 66997 | Vaults:5 | Reached skill level 16 in Armour
 67020 | Vaults:5 | Noticed an ancient lich
 67047 | Vaults:5 | Banished an ancient lich
 67098 | Vaults:5 | Identified the +2 leather armour of Intuition {rElec Will-
                  | Str+4}
 67579 | Vaults:5 | Reached skill level 25 in Fighting
 68193 | Vaults:5 | Got a silver rune of Zot
 68940 | Zot:1    | Entered Level 1 of the Realm of Zot
 68950 | Zot:1    | Reached XP level 26. HP: 236/265 MP: 28/32
 68961 | Zot:1    | Reached skill level 17 in Armour
 69717 | Zot:2    | Reached skill level 26 in Fighting
 70770 | Zot:3    | Found a huge runed gate.
 70773 | Zot:3    | Found a huge runed gate.
 70775 | Zot:3    | Found a huge runed gate.
 70776 | Zot:3    | Found a huge runed gate.
 70777 | Zot:3    | Found a huge runed gate.
 70778 | Zot:3    | Found a huge runed gate.
 70779 | Zot:3    | Found a huge runed gate.
 70780 | Zot:3    | Found a huge runed gate.
 70898 | Zot:3    | Reached skill level 18 in Armour
 71170 | Zot:3    | Identified the ring of Lenim {MP+9 Int+6} (You found it on
                  | level 3 of the Realm of Zot)
 71246 | Zot:3    | Found a huge runed gate.
 71246 | Zot:3    | Found a huge runed gate.
 71246 | Zot:3    | Found a huge runed gate.
 71246 | Zot:3    | Found a huge runed gate.
 71246 | Zot:3    | Found a huge runed gate.
 71246 | Zot:3    | Found a huge runed gate.
 71246 | Zot:3    | Found a huge runed gate.
 71246 | Zot:3    | Found a huge runed gate.
 71246 | Zot:3    | Found a huge runed gate.
 71257 | Zot:3    | Found a huge runed gate.
 71257 | Zot:3    | Found a huge runed gate.
 71257 | Zot:3    | Found a huge runed gate.
 71257 | Zot:3    | Found a huge runed gate.
 71257 | Zot:3    | Found a huge runed gate.
 71257 | Zot:3    | Found a huge runed gate.
 71257 | Zot:3    | Found a huge runed gate.
 71285 | Zot:3    | Found a huge runed gate.
 71294 | Zot:3    | Found a huge runed gate.
 71299 | Zot:3    | Found a huge runed gate.
 71299 | Zot:3    | Found a huge runed gate.
 71299 | Zot:3    | Found a huge runed gate.
 71299 | Zot:3    | Found a huge runed gate.
 71299 | Zot:3    | Found a huge runed gate.
 71300 | Zot:3    | Found a huge runed gate.
 71301 | Zot:3    | Found a huge runed gate.
 71401 | Zot:3    | Found a huge runed gate.
 71533 | Zot:4    | Noticed an orb of fire
 71534 | Zot:4    | Gained mutation: Armour fits poorly on your strangely
                  | shaped body. [an orb of fire]
 71596 | Zot:4    | Banished an orb of fire
 72356 | Zot:4    | Reached skill level 27 in Fighting
 72801 | Zot:4    | Reached XP level 27. HP: 290/290 MP: 32/32
 72971 | Zot:5    | Entered Level 5 of the Realm of Zot
 73369 | Zot:5    | Noticed an orb of fire
 73369 | Zot:5    | Noticed an orb of fire
 73371 | Zot:5    | Gained mutation: You are occasionally teleported next to
                  | monsters. [an orb of fire]
 73371 | Zot:5    | Gained mutation: You tend to lose your temper in combat.
                  | [an orb of fire]
 73380 | Zot:5    | Got the Orb of Zot
 73383 | Zot:5    | Noticed an orb of fire
 73383 | Zot:5    | Noticed an orb of fire
 73388 | Zot:5    | Noticed an orb of fire
 73391 | Zot:5    | Noticed an orb of fire
 73396 | Zot:5    | Noticed a seraph
 73401 | Zot:5    | Lost mutation: Your mind is acute. (Int +2) [potion of
                  | mutation]
 73401 | Zot:5    | Lost mutation: Armour fits poorly on your strangely shaped
                  | body. [potion of mutation]
 73401 | Zot:5    | Gained mutation: Your muscles are strong. (Str +2) [potion
                  | of mutation]
 73401 | Zot:5    | Gained mutation: Your mind is acute. (Int +2) [potion of
                  | mutation]
 73402 | Zot:5    | Lost mutation: Your mind is acute. (Int +2) [potion of
                  | mutation]
 73402 | Zot:5    | Lost mutation: You are occasionally teleported next to
                  | monsters. [potion of mutation]
 73402 | Zot:5    | Lost mutation: Scrolls take you a little longer to read.
                  | [potion of mutation]
 73402 | Zot:5    | Lost mutation: You tend to lose your temper in combat.
                  | [potion of mutation]
 73402 | Zot:5    | Gained mutation: You are robust. (+10% HP) [potion of
                  | mutation]
 73409 | Zot:5    | Noticed an ancient lich
 73409 | Zot:5    | Noticed an ancient lich
 73628 | Depths:3 | Noticed Ceuhefom the pandemonium lord
 73628 | Depths:3 | Noticed an ancient lich
 73886 | D:7      | Noticed Imeich the pandemonium lord
 73888 | D:7      | Banished Imeich the pandemonium lord
 74108 | D:$      | Escaped with the Orb!

Illustrated notes

Levels and vault maps discovered:
D:1:      dpeg_arrival_lava_temple_mockup, layout_rooms,
          minmay_worlds_worst_comb
D:2:      layout_basic, general_overflow_altar, led_sif_pool,
          gammafunk_temple_overflow_statue, small_statue_intersection,
          uniq_robin
D:3:      layout_basic, serial_glass, glass_columns_c, glass_columns_a,
          uniq_terence
D:4:      layout_loops_corners, minmay_temple_entry_offerings
D:5:      old_forge, layout_loops_ring, grunt_temple_overflow_growth_and_decay,
          serial_shops, shop_statue
D:6:      layout_cave_pools, serial_shops, shop,
          nicolae_shop_competitors_out_of_business,
          nicolae_shop_temple_entry_statues_fountains,
          nicolae_shop_competitors_out_of_business, serial_gnoll_camp,
          gnoll_camp_medium_02, gnoll_camp_mini_basic, gnoll_camp_mini_house,
          gnoll_camp_mini_hut, minmay_gold_behind_fungi, uniq_maggie,
          uniq_duvessa
D:7:      layout_layer_cave, kennysheep_mini, gammafunk_ghost_abyssal_escape,
          uniq_joseph
D:8:      minmay_polygon_palace, layout_rooms, kennysheep_potato, uniq_erica
D:9:      layout_gridville, okawaru_trees_2, ashenzari_altar_1,
          marbit_many_paths
D:10:     layout_long_grid, erik_lair_island, basic_altar, uniq_snorg, uniq_grum
D:11:     layout_loops_ring, serial_shops, shop, shop_coins, shop, shop,
          kennysheep_little_box
D:12:     layout_basic, guppyfry_shop_blood, uniq_nessos
D:13:     layout_irregular_city, enter_trove_0, enter_bailey_5,
          nicolae_dithmenos_the_darkroom
D:14:     layout_cave_pools, david_vaults_1, fountainhead,
          gammafunk_ghost_fury_of_okawaru, kennysheep_generic_room_10
D:15:     gammafunk_enter_depths_forms, layout_cave_pools, kennysheep_doodads,
          serial_shops, shop
Lair:1:   layout_roguey, beast_lair_carwin_7
Lair:2:   layout_big_grid, ldierk_geyser, wad_woods_01,
          infiniplex_staircase_pool, grunt_megastairs_4
Lair:3:   layout_regular_city, nicolae_volcano_entry_vermiform,
          gammafunk_ghost_split, fungi_pond_lemuel, serial_bayou_shore_a,
          minmay_lair_oklob_chamber, serial_bayou_shore_b
Lair:4:   layout_regular_city, swamp_mist, minmay_snake_entry_guardpost_medium,
          lemuel_fruit_tree, grunt_megastairs_2
Lair:5:   layout_regular_city, nicolae_slime_entry_slimehenge
Lair:6:   gammafunk_lair_ancient_temple, layout_cave_pods, serial_bayou_pond_d
Swamp:1:  layout_basic_swamp, serial_swamp_ruin, evilmike_swamp_ruin_house_5,
          hangedman_swamp_ruin_wall, evilmike_swamp_ruin_house_2, swamp_pool1,
          cheibrodos_swamp_pet_leeches
Swamp:2:  layout_basic_swamp, evilmike_swamp_ruin_house_6, swamp_pool2,
          infiniplex_staircase_pool_2
Swamp:3:  layout_basic_swamp, evilmike_swamp_ruin_house_4, swamp_pool4,
          uniq_mara
Swamp:4:  grunt_swamp_rune_castle, layout_basic_swamp,
          ebering_ghost_disaster_area
Snake:1:  layout_chambers, grunt_megastairs_5
Snake:2:  layout_chambers
Snake:3:  gammafunk_sealed_library, layout_basic, serial_corexii_hall,
          chequers_hall_statues_y, corexii_hall_statues_l, basic_altar
Snake:4:  snake_pit, layout_grid_maze, serial_shops, nicolae_shop_trees
Slime:1:  layout_caves
Slime:2:  layout_caves
Slime:3:  layout_caves
Slime:4:  layout_caves
Slime:5
Orc:1:    layout_caves, nicolae_orc_stony_grotto, nooodl_orcs_dogs,
          uniq_josephine, uniq_fannar
Orc:2:    st_orc_rangers, layout_diamond_mine, library_closet, uniq_saint_roka
Vaults:1: vaults_dpeg_ring, nicolae_vaults_angled_halls,
          vaults_room_stairs_pillars, nicolae_vaults_arrows,
          nicolae_vaults_shelves_hall, grunt_vaults_hallway_long, v_pattern_2,
          nicolae_vaults_halls_meeting, hangedman_vaults_capsules,
          hangedman_vaults_maws, v_misc_11, vaults_room_hallway,
          ontoclasm_vaults_spin, nicolae_vaults_little_ls,
          vaults_room_door_ring, layout_vaults_omnibox
Vaults:2: nicolae_vaults_ninety_degrees, hangedman_vaults_stitches, v_misc_12,
          v_misc_29, vaults_room_pool, layout_vaults_omnigrid
Vaults:3: minmay_crypt_entry_skeletal_spiral, nicolae_vaults_quadrants,
          hangedman_vaults_locks, v_misc_1, nicolae_vaults_triangles,
          nicolae_vaults_theta, nicolae_vaults_rhombus_6,
          nicolae_vaults_alarming, ontoclasm_vaults_chip,
          nicolae_vaults_asterisk, v_misc_30, layout_vaults_omnicross
Vaults:4: ebering_vaults_ghost_disaster_area, v_rooms_5, vaults_room_grid,
          v_pattern_5, st_spiral_rooms, v_rooms_3, hangedman_vaults_maws,
          grunt_vaults_bifocal, vaults_room_stairs_pillars, vaults_room_pool,
          hangedman_vaults_stream, hangedman_vaults_maws,
          ontoclasm_vaults_fault, layout_vaults_maze_bifur, serial_shops, shop,
          uniq_bai_suzhen
Vaults:5
Depths:1: layout_gridlike, rand_demon_pan_entry_8, serial_bayou_pond_a,
          hell_entry, grunt_ministairs_8,
          brannock_guarded_unrand_thermic_engine, minmay_shop_star
Depths:2: gold_lair_mu, layout_gridlike, grunt_mini_vestibule,
          grunt_megastairs_3
Depths:3: grunt_profane_halls [grunt_profane_temple_dis,
          grunt_profane_temple_geh, grunt_profane_temple_coc,
          grunt_profane_temple_tar, grunt_profane_loot], pan_entry, hell_entry
Depths:4: grunt_forest_end_winery, layout_basic, hangedman_decor_lopped,
          hangedman_abyss_entry_splay, hangedman_coc_ice_floe, minmay_shoptagon
Depths:5: grunt_zot_entry_funnels, layout_gridville, enter_ziggurat_b,
          abyss_entry, grunt_hell_entry_dis_grunt,
          chequers_serial_rivers_small_b, uniq_mennas
Zot:1:    layout_gridlike, hangedman_hellfire_club
Zot:2:    layout_onion_interference, st_single_dragon_hoard_3,
          hangedman_elemental_grid_stream
Zot:3:    layout_onion_interference, st_small_dragon_hoard_4, door_vault
Zot:4:    grunt_zot_stairs_overgrown, layout_basic, gammafunk_ghost_cemetery,
          hangedman_zot_diagonal_lockstep
Zot:5:    layout_misc_corridors, grunt_ministairs_2

Skill      XL: |  1  2  3  4  5  6  7  8  9 10 11 12 13 14 15 16 17 18 19 20 21 22 23 24 25 26 |
---------------+-------------------------------------------------------------------------------+-----
Stealth        | 1 3 |  3.0
Staves         | 4 |  4.0
Fighting       | 4 5 7 10 11 14 15 16 17 18 19 20 21 22 23 25 27 | 27.0
Polearms       | 2 4 6 9 12 13 | 13.7
Dodging        | 3 4 6 7 8 10 11 12 13 14 15 | 15.5
Evocations     | 1 3 4 6 8 9 10 11 12 13 14 15 | 15.0
Invocations    | 4 7 9 10 11 12 13 | 13.0
Armour         | 4 6 8 9 10 11 12 13 14 15 16 18 | 18.9
Translocations | 3 4 6 |  6.0
Spellcasting   | 2 |  2.0
Shields        | 6 10 14 15 | 15.0
Throwing       | |  2.0

Action                   |  1- 3 |  4- 6 |  7- 9 | 10-12 | 13-15 | 16-18 | 19-21 | 22-24 | 25-27 || total
-------------------------+-------+-------+-------+-------+-------+-------+-------+-------+-------++-------
Melee: Quarterstaff      |   102 |    10 |       |       |       |       |       |       |       ||   112
       Spear             |       |   103 |       |       |       |       |       |       |       ||   103
       Trident           |       |    26 |   178 |       |       |       |       |       |       ||   204
       Halberd           |       |       |    85 |   579 |   155 |       |       |       |       ||   819
       Demon trident     |       |       |       |       |   936 |  1231 |  1408 |  1620 |  1147 ||  6342
 Fire: Hunting sling     |    22 |     2 |       |       |       |       |       |       |       ||    24
Throw: Stone             |    21 |     1 |       |       |       |       |       |       |       ||    22
       Boomerang         |       |    12 |       |    10 |     5 |       |       |       |       ||    27
       Dart              |       |     5 |    23 |     8 |       |       |       |       |       ||    36
 Cast: Apportation       |       |       |       |       |     3 |     1 |       |     2 |       ||     6
       Blink             |       |       |       |       |       |       |       |     7 |       ||     7
Invok: Ancestor Identity |       |       |     1 |       |       |       |       |       |       ||     1
       Recall Ancestor   |       |       |     6 |     7 |    12 |     3 |     6 |     7 |    15 ||    56
       Ancestor Life: Kn |       |       |     1 |       |       |       |       |       |       ||     1
       Idealise          |       |       |       |     1 |     2 |     1 |     2 |     6 |     4 ||    16
       Transference      |       |       |       |       |       |     3 |       |     1 |       ||     4
Evoke: Wand              |       |       |     5 |     4 |     1 |     2 |       |    28 |     3 ||    43
       Phantom mirror    |       |       |       |       |     1 |     1 |     2 |     2 |     1 ||     7
       Condenser vane    |       |       |       |       |     1 |     1 |     2 |     2 |     1 ||     7
       Box of beasts     |       |       |       |       |       |       |       |     1 |       ||     1
       Tin of tremorston |       |       |       |       |       |       |       |     2 |     2 ||     4
  Use: Scroll            |     4 |     4 |     5 |    16 |    10 |     9 |     3 |    23 |    18 ||    92
       Potion            |       |     1 |     1 |       |     2 |     1 |       |     4 |    20 ||    29
 Stab: Sleeping          |     2 |     7 |     5 |     8 |    25 |    31 |    20 |    21 |       ||   119
       Distracted        |       |       |     2 |     2 |     5 |     9 |    12 |    23 |    13 ||    66
       Paralysed         |       |       |       |     5 |       |       |       |       |       ||     5
Armor: Robe              |    25 |    18 |    34 |       |       |       |       |       |       ||    77
       Steam dragon scal |       |       |    19 |   168 |    75 |    31 |       |       |       ||   293
       Swamp dragon scal |       |       |       |       |       |    55 |    63 |   129 |       ||   247
       Gold dragon scale |       |       |       |       |       |       |       |    12 |   186 ||   198
Dodge: Dodged            |    49 |    52 |    92 |   299 |   130 |   152 |   122 |   247 |   102 ||  1245
Block: Tower shield      |       |       |       |       |   248 |   495 |   435 |   635 |   322 ||  2135
       Reflection        |       |       |       |       |    96 |    92 |    24 |       |       ||   212
